 Dungeon Crawl Stone Soup version 0.29-a0-837-g174bc33 (webtiles) character file.

Game seed: 5409109369597275226

1411 alskdj the Cudgeller (level 8, -1/70 HPs)
             Began as a Minotaur Fighter on July 14, 2022.
             Was an Initiate of Wu Jian.
             Slain by an ice beast (4 damage)
             ... on level 6 of the Dungeon.
             The game lasted 00:43:22 (3237 turns).

alskdj the Cudgeller (Minotaur Fighter)             Turns: 3237, Time: 00:43:24

Health: -1/70      AC:  6    Str: 22    XL:     8   Next: 43%
Magic:  7/7        EV:  9    Int:  5    God:    Wu Jian [......]
Gold:   214        SH:  0    Dex: 17    Spells: 7/7 levels left

rFire   . . .      SeeInvis .   c - +4 war axe (vorpal)
rCold   + . .      Faith    .   (no shield)
rNeg    . . .      Spirit   .   v - +0 chain mail
rPois   .          Reflect  .   (helmet restricted)
rElec   .          Harm     .   (no cloak)
rCorr   .          Rampage  .   (no gloves)
Will    .....                   (no boots)
Stlth   ..........              (no amulet)
HPRegen 0.21/turn               l - ring of flight
MPRegen 0.10/turn               k - +6 ring of dexterity

@: confused, mighty, ambrosia-drunk, corroded, flying, studying Fighting
A: horns 2, retaliatory headbutt, cold resistance 1, wild magic 1
a: Renounce Religion


You were on level 6 of the Dungeon.
You worshipped Wu Jian.
Wu Jian was noncommittal.
You visited 1 branch of the dungeon, and saw 6 of its levels.

You collected 214 gold pieces.

Inventory:

Hand Weapons
 c - a +4 vorpal war axe (weapon)
 g - a +0 flail
 m - a +1 mace
Armour
 i - a +0 robe of cold resistance
 v - a +0 chain mail (worn)
Jewellery
 k - a +6 ring of dexterity (right hand)
 l - a ring of flight (left hand)
Potions
 a - a potion of heal wounds {unknown}
 q - a potion of resistance {unknown}


   Skills:
 + Level 6.1 Fighting
 + Level 0.7(4.8) Axes
 + Level 7.6 Maces & Flails
 + Level 2.3 Throwing
 + Level 7.5 Armour
 + Level 2.5 Dodging
 + Level 0.4 Stealth
 + Level 5.6 Shields
 + Level 0.1 Necromancy


You had 7 spell levels left.
You didn't know any spells.
Your spell library contained the following spells:

 Spells                   Type           Power      Damage    Failure   Level
 Apportation              Tloc           0%         N/A       99%         1
 Magic Dart               Conj           0%         1d3       99%         1
 Necrotise                Necr           0%         1d4       99%         1
 Summon Small Mammal      Summ           0%         N/A       99%         1
 Call Imp                 Summ           0%         N/A       100%        2
 Mephitic Cloud           Conj/Pois/Air  0%         N/A       100%        3
 Vampiric Draining        Necr           0%         2d6       100%        3
 Anguish                  Hex/Necr       0%         N/A       100%        4
 Animate Dead             Necr           0%         N/A       100%        4
 Corpse Rot               Necr/Pois/Air  0%         N/A       100%        4
 Dispel Undead            Necr           0%         3d6       100%        4
 Death Channel            Necr           0%         N/A       100%        6


Dungeon Overview and Level Annotations

Branches:
Dungeon (6/15)
 Temple: D:4-7

Altars:
Fedhas
Kikubaaqudgha
Wu Jian
Xom
Yredelemnul


Innate Abilities, Weirdness & Mutations

You have a pair of horns on your head.
You reflexively headbutt those who attack you in melee.
Your flesh is cold resistant. (rC+)
Your spells are a little harder to cast, but a little more powerful.


Message History

* * * LOW HITPOINT WARNING * * *
You feel extremely sick.
The orc warrior shouts!
The orc shouts!
The orc wizard shouts!
The orc shouts!
The jelly quivers.
Found a scroll labelled INGIESK XEMYW.
There is a stone staircase leading up here.
You feel better.
The orc wizard gestures at you while chanting.
You resist with some effort.
It was a potion of magic.
Magic courses through your body.
It was a potion of ambrosia.
You are confused.
You feel invigorated. The orc hits you but does no damage.
The orc warrior hits you with a +0 hand axe!
* * * LOW HITPOINT WARNING * * *
An iguana comes into view.
Found 16 gold pieces.
The jelly hits you but does no damage. The orc hits you but does no damage.
It was a potion of mutation.
You feel extremely strange.
You feel resistant to cold.
You feel less in control of your magic. The orc barely misses you.
The jelly hits you.
* * * LOW HITPOINT WARNING * * *
The acid corrodes you!
You are splashed with acid!
* * * LOW HITPOINT WARNING * * *
The ice beast barely misses you.
You feel very mighty all of a sudden.
The orc wizard casts a spell.
The orc wizard flickers and vanishes!
Deactivating autopickup; reactivate with Ctrl-A.
The orc warrior hits you with a +0 hand axe!
* * * LOW HITPOINT WARNING * * *
The jelly barely misses you.
The ice beast hits you but does no damage.
You're too confused to move!
The ice beast hits you.
* * * LOW HITPOINT WARNING * * *
The ice beast freezes you. You resist.
* * * LOW HITPOINT WARNING * * *
The orc hits you but does no damage. The jelly misses you.
The ice beast hits you.
You die...

#.... . .. ....
#.## ... ...
.#... ....
..####.....
.#..##..........
................
................
....?..oo.......
......Y@.....#.#
......JoY....#
.............#
..........l.##
$.............
.##..........##
..........##
.##........#


You could see an orc warrior, 2 ice beasts, an iguana, a jelly and 2 orcs.

Vanquished Creatures
  Grinder (D:5)
  Sigmund (D:3)
  A water moccasin (D:5)
  An ice beast (D:4)
  2 black bears
  A phantom (D:4)
  Blork the orc (D:4)
  A necrophage (D:5)
  A scorpion (D:4)
  A jelly (D:4)
  An orc priest (D:4)
  4 hounds
  A gnoll bouda (D:5)
  2 iguanas (D:4)
  6 gnolls
  3 adders
  2 ufetubi (D:4)
  A worm (D:2)
  2 dart slugs
  12 orcs
  5 ball pythons
  3 bats
  5 endoplasms
  5 giant cockroaches
  4 goblins
  2 hobgoblins
  5 frilled lizards
  4 kobolds
  4 rats
82 creatures vanquished.

Vanquished Creatures (others)
  A scorpion (D:4)
  An adder (D:4)
  A worm (D:4)
  An orc (D:4)
  A giant cockroach (D:4)
  A jackal (D:4)
  A quokka (D:4)
  A ball python (D:4)
  A goblin (D:4)
  2 kobolds (D:4)
  A fungus (D:4)
  17 plants
  2 withered plants (D:1)
31 creatures vanquished.

Grand Total: 113 creatures vanquished

Notes
Turn   | Place    | Note
-------+----------+-------------------------------------------
     0 | D:1      | alskdj the Minotaur Fighter began the quest for the Orb.
     0 | D:1      | Reached XP level 1. HP: 19/19 MP: 0/0
   351 | D:1      | Reached XP level 2. HP: 27/27 MP: 1/1
   361 | D:1      | Found a faded altar of an unknown god.
   811 | D:2      | Reached XP level 3. HP: 31/33 MP: 2/2
  1287 | D:3      | Found an ancient bone altar of Kikubaaqudgha.
  1294 | D:3      | Noticed Sigmund
  1337 | D:3      | Killed Sigmund
  1338 | D:3      | Reached XP level 4. HP: 23/41 MP: 3/3
  1338 | D:3      | Reached XP level 5. HP: 27/47 MP: 4/4
  1363 | D:3      | Became a worshipper of Kikubaaqudgha
  1523 | D:4      | Reached skill level 1 in Dodging
  1523 | D:4      | Reached skill level 5 in Shields
  1523 | D:4      | Reached XP level 6. HP: 52/53 MP: 5/5
  1564 | D:4      | Reached skill level 5 in Maces & Flails
  1596 | D:4      | Found a shimmering altar of Xom.
  1636 | D:4      | Reached skill level 5 in Armour
  1659 | D:4      | Found a basalt altar of Yredelemnul.
  1720 | D:4      | Noticed an ice beast
  1739 | D:4      | Identified a scroll of acquirement
  1739 | D:4      | Acquired a manual of Fighting
  1768 | D:4      | Killed an ice beast
  1769 | D:4      | Reached XP level 7. HP: 13/60 MP: 6/6
  1813 | D:4      | Reached skill level 1 in Throwing
  1823 | D:4      | HP: 3/60 [gnoll/+0 halberd (6)]
  1829 | D:5      | Entered Level 5 of the Dungeon
  1936 | D:4      | Reached * piety under Kikubaaqudgha
  1936 | D:4      | Received a gift from Kikubaaqudgha
  1982 | D:4      | Noticed Blork the orc
  2005 | D:4      | Killed Blork the orc
  2057 | D:4      | Found an ornate altar of the Wu Jian Council.
  2070 | D:4      | Fell from the grace of Kikubaaqudgha
  2070 | D:4      | Became a worshipper of the Wu Jian Council
  2300 | D:4      | Reached skill level 5 in Fighting
  2890 | D:5      | Reached XP level 8. HP: 44/69 MP: 7/7
  3071 | D:5      | Found a blossoming altar of Fedhas.
  3188 | D:5      | Noticed Grinder
  3201 | D:5      | Paralysed by Grinder for 4 turns
  3206 | D:5      | Killed Grinder
  3235 | D:6      | Gained mutation: Your flesh is cold resistant. (rC+)
                  | [potion of mutation]
  3235 | D:6      | Gained mutation: Your spells are a little harder to cast,
                  | but a little more powerful. [potion of mutation]
  3237 | D:6      | HP: 3/70 [ice beast (5)]
  3237 | D:6      | Slain by an ice beast

Illustrated notes

Levels and vault maps discovered:
D:1:      dpeg_arrival_refuge, layout_basic,
          shapermc_ecumenical_altar_flowoftime
D:2:      layout_basic, minivault_26
D:3:      layout_basic, lemuel_round_altar, grunt_decor_resistance, uniq_sigmund
D:4:      layout_layer_cave, nzn_wu_jian_council_hall, xom_confusion_cloud,
          lemuel_tele_altar, dreamdust_gnoll_farm, uniq_blork_the_orc
D:5:      layout_gridville, mainiacjoe_overflow_small_starburst,
          nicolae_gozag_cash_rules_everything_around_me, serial_bayou,
          serial_bayou_pond_a, serial_bayou_lake_a, serial_bayou_shore_b,
          serial_bayou_shore_b, serial_bayou_shore_b, serial_shops, shop,
          chequers_serial_rivers_small_a, uniq_grinder
D:6:      layout_cave_pools, makhleb_altar_promises_db,
          mainiacjoe_overflow_alcove_4, grunt_dithmenos_smoke_and_mirrors

Skill      XL: |  1  2  3  4  5  6  7  8 |
---------------+-------------------------+-----
Shields        | 4 5 |  5.6
Maces & Flails | 4 6 7 |  7.6
Fighting       | 4 5 6 |  6.1
Armour         | 4 5 6 7 |  7.5
Dodging        | 1 2 |  2.5
Throwing       | 2 |  2.3
Axes           | |  0.7
Stealth        | |  0.4
Necromancy     | |  0.1

Action                   |  1- 3 |  4- 6 |  7- 9 || total
-------------------------+-------+-------+-------++-------
Melee: Flail             |   117 |    35 |    78 ||   230
       Headbutt          |    19 |    10 |    28 ||    57
       Mace              |       |    30 |    40 ||    70
       Punch             |       |       |     2 ||     2
       War axe           |       |       |    10 ||    10
Throw: Stone             |       |    12 |    16 ||    28
       Throwing net      |       |       |     5 ||     5
Invok: Lunge             |       |       |     2 ||     2
       Unearth Wretches  |       |       |     1 ||     1
  Use: Potion            |     2 |     1 |     5 ||     8
       Scroll            |       |     8 |     2 ||    10
 Stab: Paralysed         |       |       |     1 ||     1
Armor: Scale mail        |    41 |       |       ||    41
       Chain mail        |     6 |    63 |    49 ||   118
Dodge: Dodged            |    47 |    37 |    47 ||   131
Block: Buckler           |    24 |    20 |     7 ||    51

Table legend: (Time is in decaauts)
 A = Elapsed time spent in this place.
 B = Non-inter-level travel time spent in this place.
 C = Inter-level travel time spent in this place.
 D = Time resting spent in this place.
 E = Time spent auto-exploring this place.
 F = Levels seen in this place.
 G = Mean time per level.
                   A        B        C        D        E       F      G
               +--------+--------+--------+--------+--------+-----+--------+
         Total |   3300 |   3294 |      6 |      0 |      0 |   6 |  550.0 |
       Dungeon |   3300 |   3294 |      6 |      0 |      0 |   6 |  550.0 |
               +--------+--------+--------+--------+--------+-----+--------+

Top non-repeatable levels by time:
     D:4: 1224 daAuts
     D:1: 854 daAuts
     D:5: 516 daAuts
     D:3: 357 daAuts
     D:2: 340 daAuts
     D:6: 6 daAuts
